 Dungeon Crawl Stone Soup version 0.26-a0-958-gf3041fb45f (console) character file.

Game seed: 15964930296938910722

1396168 swinepaste the Bringer of Light (level 27, -5/409 HPs)
             Began as a Hill Orc Fighter on Nov 25, 2020.
             Was the Champion of the Shining One.
             Killed by divine providence
             ... invoked by a mummy priest
              (11 damage)
             ... on level 3 of the Tomb of the Ancients on Nov 30, 2020.
             The game lasted 08:44:43 (132398 turns).

swinepaste the Bringer of Light (HOFi)            Turns: 132398, Time: 08:44:44

Health: -5/409     AC: 37    Str: 32      XL:     27
Magic:  27/42      EV: -1    Int:  6 (8)  God:    the Shining One [******]
Gold:   15174      SH:  0    Dex: 13      Spells: 32/56 levels left

rFire    + + .     SeeInvis .   a - +9 broad axe (holy)
rCold    + . .     Faith    +   I - +3 tower shield {rF+}
rNeg     + + +     Spirit   .   (armour currently unavailable)
rPois    +         Reflect  .   (helmet currently unavailable)
rElec    +         Harm     .   (cloak currently unavailable)
rCorr    .         Rampage  .   (gloves currently unavailable)
MR       +....     NoTele   +   (boots currently unavailable)
Stlth    ++........             v - amulet "Daunoto" {Faith +Blink rElec rPois}
HPRegen  0.78/turn              E - ring of Kagg {rPois rC+ EV+4 Dex+2}
MPRegen  0.28/turn              L - ring "Yruth" {*Contam rF+ MR+ AC+4 Str+3}

@: mighty, divine shield, tree-form (expiring), vulnerable, attractive, held,
hasted and slowed, glowing, constricted
A: clumsy 1, sense surroundings 1
}: 14/15 runes: decaying, serpentine, slimy, silver, iron, obsidian, icy, bone,
abyssal, demonic, glowing, magical, fiery, dark
a: Divine Shield, Cleansing Flame, Summon Divine Warrior, Renounce Religion,
Evoke Blink


You were on level 3 of the Tomb of the Ancients.
You worshipped the Shining One.
The Shining One was exalted by your worship.
You were a tree.
You visited 17 branches of the dungeon, and saw 85 of its levels.
You visited Pandemonium 3 times, and saw 21 of its levels.
You visited the Abyss 8 times.
You visited 1 ziggurat, and saw 9 of its levels.
You also visited: Trove, Gauntlet and Volcano.

You collected 20516 gold pieces.
You spent 4527 gold pieces at shops.
You donated 815 gold pieces to Zin.

Inventory:

Hand Weapons
 a - a +9 broad axe of holy wrath (weapon)
 b - a +9 broad axe of flaming
Missiles
 o - 34 curare-tipped darts (quivered)
Armour
 c - a +2 pair of gloves of dexterity (melded)
 e - a +2 pair of boots of running (melded)
 w - +9 ice dragon scales (melded)
 I - a +3 tower shield of fire resistance (worn)
 Q - the +2 helmet of the Last Smoking Moons (melded) {rF+ Int+4 Dex+3 Stlth+}
   (You bought it in a shop on level 1 of the Depths)

   It affects your intelligence (+4).
   It affects your dexterity (+3).
   It protects you from fire.
   It makes you more stealthy.
 Z - a +2 cloak of preservation (melded)
Jewellery
 v - the amulet "Daunoto" (around neck) {Faith +Blink rElec rPois}
   (You found it on level 11 of the Dungeon)

   [amulet of faith]

   It allows you to gain divine favour quickly.
   It insulates you from electricity.
   It protects you from poison.
   It lets you blink.
 E - the ring of Kagg (left branch) {rPois rC+ EV+4 Dex+2}
   (You found it on level 5 of the Pits of Slime)

   [ring of evasion]

   It affects your evasion (+4).
   It affects your dexterity (+2).
   It protects you from cold.
   It protects you from poison.
 L - the ring "Yruth" (right branch) {*Contam rF+ MR+ AC+4 Str+3}
   (You took it off a deep elf demonologist on level 3 of the Elven Halls)

   [ring of protection]

   It affects your AC (+4).
   It affects your strength (+3).
   It protects you from fire.
   It affects your resistance to hostile enchantments.
   It causes magical contamination when unequipped.
Wands
 l - a wand of paralysis (5)
 x - a wand of digging (2)
 z - a wand of acid (85)
 C - a wand of iceblast (76)
 P - a wand of flame (103)
 Y - a wand of disintegration (30)
Scrolls
 g - 23 scrolls of teleportation
 h - 6 scrolls of summoning
 n - 16 scrolls of fear
 q - 12 scrolls of fog
 r - 12 scrolls of magic mapping
 s - 5 scrolls of holy word
 A - 10 scrolls of blinking
 G - 8 scrolls of silence
 M - 8 scrolls of amnesia
 O - 18 scrolls of identify
 U - 11 scrolls of immolation
 V - 32 scrolls of remove curse
 W - 13 scrolls of enchant weapon
Potions
 d - 10 potions of might
 f - 7 potions of berserk rage
 j - 19 potions of cancellation
 k - 7 potions of invisibility
 m - 36 potions of curing
 t - 11 potions of lignification
 u - 21 potions of haste
 B - 6 potions of mutation
 F - 9 potions of brilliance
 H - 20 potions of heal wounds
 K - 7 potions of resistance
 N - 13 potions of flight
 R - a potion of attraction
 T - 10 potions of magic
Miscellaneous
 D - a lightning rod (4/4)
 X - a phantom mirror


   Skills:
 O Level 27 Fighting
 O Level 27 Axes
 O Level 27 Armour
 O Level 27 Dodging
 - Level 13.5 Stealth
 O Level 27 Shields
 - Level 15.0 Spellcasting
 - Level 17.8 Hexes
 + Level 16.3 Translocations
 - Level 6.3 Transmutations
 - Level 12.1 Air Magic
 - Level 8.3 Earth Magic
 O Level 27 Invocations
 - Level 10.0 Evocations


You had 32 spell levels left.
You knew the following spells:

 Your Spells              Type           Power        Failure   Level
a - Apportation           Tloc           ###...       0%          1
b - Blink                 Tloc           N/A          1%          2
c - Confusing Touch       Hex            ####....     1%          3
e - Lesser Beckoning      Tloc           ###.......   1%          3
p - Passwall              Tmut/Erth      ##......     1%          2
s - Swiftness             Air            ###.....     1%          2
v - Invisibility          Hex            ####....     1%          6
S - Silence               Hex/Air        ###.......   1%          5

Your spell library contained the following spells:

 Spells                   Type           Power        Failure   Level
 Corona                   Hex            ####...      0%          1
 Slow                     Hex            ####....     0%          2
 Beastly Appendage        Tmut           ##....       1%          1
 Sandblast                Erth           ##....       1%          1
 Shock                    Conj/Air       ##..         1%          1
 Corpse Rot               Necr/Air       N/A          1%          2
 Ensorcelled Hibernation  Hex/Ice        ###...       1%          2
 Poisonous Vapours        Pois/Air       ##....       1%          2
 Wereblood                Tmut           ##......     1%          2
 Dazzling Flash           Conj/Hex       ###...       1%          3
 Gell's Gravitas          Tloc           ###.......   1%          3
 Inner Flame              Hex/Fire       ###.....     1%          3
 Portal Projectile        Hex/Tloc       ###...       1%          3
 Summon Guardian Golem    Hex/Summ       ###.....     1%          3
 Teleport Other           Tloc           ###.....     1%          3
 Tukima's Dance           Hex            ####....     1%          3
 Airstrike                Air            ###.......   1%          4
 Cause Fear               Hex            ####......   1%          4
 Leda's Liquefaction      Hex/Erth       ###.......   1%          4
 Passage of Golubria      Tloc           N/A          1%          4
 Yara's Violent Unravell  Hex/Tmut       ###.......   1%          5
 Dispersal                Tloc           ###.......   1%          6
 Static Discharge         Conj/Air       ##......     2%          3
 Fulminant Prism          Conj/Hex       ###.......   2%          4
 Sting                    Tmut/Pois      #...         3%          1
 Iskenderun's Mystic Bla  Conj/Tloc      ##......     3%          4
 Petrify                  Tmut/Erth      ##......     5%          4
 Mephitic Cloud           Conj/Pois/Air  #.......     6%          3
 Stone Arrow              Conj/Erth      #.....       6%          3
 Metabolic Englaciation   Hex/Ice        ###.......   8%          5
 Summon Mana Viper        Hex/Summ       ###.....     8%          5
 Summon Lightning Spire   Summ/Air       ##......     9%          4
 Lee's Rapid Deconstruct  Erth           ##........   10%         5
 Animate Skeleton         Necr           #.....       11%         1
 Foxfire                  Conj/Fire      #...         11%         1
 Freeze                   Ice            #...         11%         1
 Magic Dart               Conj           #...         11%         1
 Pain                     Necr           #...         11%         1
 Summon Small Mammal      Summ           #...         11%         1
 Summon Forest            Summ/Tloc      ##........   11%         5
 Ignite Poison            Fire/Tmut/Pois #.......     14%         3
 Call Imp                 Summ           #.......     16%         2
 Searing Ray              Conj           #.....       16%         2
 Sublimation of Blood     Necr           #.........   16%         2
 Blade Hands              Tmut           ##........   22%         5
 Lightning Bolt           Conj/Air       ##........   24%         5
 Ice Form                 Ice/Tmut       #.......     28%         4
 Call Canine Familiar     Summ           #.......     32%         3
 Conjure Flame            Conj/Fire      #.......     32%         3
 Frozen Ramparts          Ice            #.....       32%         3
 Ozocubu's Armour         Ice            #.......     32%         3
 Vampiric Draining        Necr           #.........   32%         3
 Discord                  Hex            ####......   43%         8
 Borgnjor's Vile Clutch   Necr/Erth      #.........   47%         5
 Alistair's Intoxication  Tmut/Pois      #........    63%         5
 Irradiate                Conj/Tmut      #.........   63%         5
 Statue Form              Tmut/Erth      ##.......    63%         6
 Disjunction              Tloc           ###.......   65%         8
 Bolt of Magma            Conj/Fire/Erth #.........   67%         5
 Animate Dead             Necr           #.........   71%         4
 Dispel Undead            Necr           #.......     71%         4
 Hailstorm                Conj/Ice       #.......     71%         4
 Olgreb's Toxic Radiance  Pois           #.......     71%         4
 Sticky Flame             Conj/Fire      #.......     71%         4
 Summon Ice Beast         Ice/Summ       #.......     71%         4
 Hydra Form               Tmut           ##........   77%         6
 Conjure Ball Lightning   Conj/Air       ##........   80%         6
 Agony                    Necr           #.......     96%         5
 Excruciating Wounds      Necr           #.........   96%         5
 Fireball                 Conj/Fire      #.........   96%         5
 Summon Demon             Summ           #.........   96%         5
 Iron Shot                Conj/Erth      #.........   96%         6
 Freezing Cloud           Conj/Ice/Air   #.........   97%         6
 Malign Gateway           Summ/Tloc      ##........   97%         7
 Eringya's Noxious Bog    Tmut/Pois      #.........   99%         6
 Death Channel            Necr           #.........   100%        6
 Ozocubu's Refrigeration  Ice            #.........   100%        6
 Shadow Creatures         Summ           N/A          100%        6
 Simulacrum               Ice/Necr       #.........   100%        6
 Starburst                Conj/Fire      #.........   100%        6
 Dragon Form              Tmut           ##........   100%        7
 Spellforged Servitor     Conj/Summ      #.........   100%        7
 Summon Hydra             Summ           #.........   100%        7
 Chain Lightning          Conj/Air       ##........   100%        8
 Ignition                 Fire           #.........   100%        8
 Lehudib's Crystal Spear  Conj/Erth      #.........   100%        8
 Absolute Zero            Ice            #.........   100%        9
 Death's Door             Necr           #.........   100%        9
 Dragon's Call            Summ           #.........   100%        9
 Fire Storm               Conj/Fire      #.........   100%        9
 Shatter                  Erth           ##........   100%        9
 Tornado                  Air            ###.......   100%        9


Dungeon Overview and Level Annotations

Branches:
Dungeon (15/15)            Temple (1/1) D:7            Lair (6/6) D:10
  Swamp (4/4) Lair:3        Snake (4/4) Lair:2        Slime (5/5) Lair:5
    Orc (2/2) D:12            Elf (3/3) Orc:2        Vaults (5/5) D:14
  Crypt (3/3) Vaults:3       Tomb (3/3) Crypt:3      Depths (5/5) D:15
   Hell (visited)             Dis (7/7) Hell            Geh (7/7) Hell
    Coc (7/7) Hell            Tar (7/7) Hell            Zot (0/5) Depths:5
Volcano (visited)         Gauntlet (visited)

Altars:
Ashenzari
Cheibriados
Dithmenos
Elyvilon
Fedhas
Gozag
Hepliaklqana
Kikubaaqudgha
Makhleb
Nemelex Xobeh
Okawaru
Qazlal
Ru
Sif Muna
Trog
Uskayaw
Vehumet
Wu Jian
Xom
Yredelemnul
Zin
The Shining One
Beogh
Jiyva
Lugonu

Shops:
D:5 *   D:8 ?   D:9 (   D:15 [   Orc:2 *(*   Elf:2 [   Elf:3 *   Snake:3 *
Vaults:1 ?   Depths:1 ([?[

Portals:
Hell: Depths:1 Depths:2 Depths:3 Depths:4 Depths:5
Abyss: Lair:2 Depths:4
Pandemonium: Depths:3


Innate Abilities, Weirdness & Mutations

((You have very sharp teeth.))
You are clumsy. (Dex -2)
You passively map a small area around you.


Message History

The mummy priest calls down the wrath of its god upon you.
Something smites you!
* * * LOW HITPOINT WARNING * * *
The anaconda skeleton bites you but does no damage.
The mummy priest utters an invocation to its god.
The flayed ghost hits you.
* * * LOW HITPOINT WARNING * * *
The jiangshi claws you but does no damage.
The jiangshi claws you!
* * * LOW HITPOINT WARNING * * *
The freezing wraith hits you but does no damage. x2
The mummy priest mumbles some strange prayers to its god against you.
Something smites you!
* * * LOW HITPOINT WARNING * * *
The mummy drops a net on you. A large net falls onto you!
The anaconda skeleton bites you but does no damage.
The anaconda skeleton constricts you.
The mummy priest invokes the aid of its god against you.
Something smites you!
You die...

######## * ,,
#.....^# ,
#^.....#* ,^ , *
#......# , ,, ,
#......#* ^.
,,#..))..# ,...
, , ,
..#..(Z.†#...^.,
,
..'..MZ♠)†.....
,
..#..WWVW#.....
, ,


,#.WMMMW# ... , , #..WZMM# ,,,. #..WMZ.# ,, , , , *#....Z.W. , , #..........* ,
, ........... , * , , ^ You could see 3 mummy priests, a jiangshi (summoned), 2
flayed ghosts, a phantasmal warrior (summoned), 4 freezing wraiths, a spectral
dire elephant (summoned), a shadow (summoned), 4 mummies, a shadow dragon
simulacrum (summoned), 2 anaconda skeletons and a quicksilver dragon skeleton.

Vanquished Creatures
  Cerebov (Pan)
  Antaeus (Coc:7)
  Asmodeus (Geh:7)
  the Royal Jelly (Slime:5)
  Ereshkigal (Tar:7)
  the Serpent of Hell (Geh:7)
  Gloorx Vloq (Pan)
  A seraph (Pan)
  Lom Lobon (Pan)
  Mnoleg (Pan)
  Dispater (Dis:7)
  3 ancient liches
  Mara (Swamp:4)
  Mennas (Depths:3)
  A juggernaut (Depths:1)
  21 royal mummies
  Sojobo (Vaults:5)
  32 shard shrikes
  Xtahua (Vaults:2)
  5 pandemonium lords (Pan)
  Geryon (Hell)
  4 caustic shrikes (Depths:5)
  5 golden dragons
  13 bone dragons
  Jory (Tar:6)
  Nikola (Depths:1)
  2 profane servitors
  the Enchantress (Depths:2)
  2 pearl dragons (Pan)
  6 doom hounds
  31 Brimstone Fiends
  10 iron giants
  2 hellephants (Hell)
  27 Ice Fiends
  31 Tzitzimimeh
  10 tentacled monstrosities
  19 liches
  12 Hell Sentinels
  3 quicksilver dragons
  9 titans
  3 deep elf blademasters
  35 Executioners
  5 deep elf master archers
  An eldritch tentacle (Depths:2)
  26 acid blobs
  11 tentacled starspawn
  Gastronok (D:8)
  28 ancient champions
  11 sphinxes
  13 shadow dragons
  6 storm dragons
  7 tengu reavers
  A sphinx (shapeshifter) (Depths:1)
  Kirke (Lair:6)
  15 azure jellies
  6 revenants
  23 daevas
  16 nagarajas
  The ghost of mif the Severer, a journeyman MiBe of Trog (Snake:3)
  A draconian scorcher (Depths:5)
  12 deep elf sorcerers
  Aizul (Snake:2)
  23 vault wardens
  14 fire giants
  58 balrugs
  Louise (Depths:4)
  5 ghouls
  15 frost giants
  A juggernaut zombie (Crypt:2)
  40 angels
  29 cacodemons
  13 iron dragons
  3 spriggan defenders (Depths:2)
  2 curse skulls (Pan)
  4 war gargoyles
  13 deep elf elementalists
  12 warmongers (Pan)
  90 reapers
  22 ironheart preservers
  26 very ugly things
  26 stone giants
  2 elemental wellsprings (Coc:7)
  8 blood saints (Pan)
  An entropy weaver (Vaults:4)
  19 corrupters (Pan)
  16 vampire knights
  18 ophanim
  37 apis (Pan)
  11 bennus
  10 black suns (Pan)
  3 red draconians
  3 spark wasps (Depths:4)
  3 bunyips
  A bunyip (shapeshifter) (Depths:4)
  10 deep elf demonologists
  10 lorocyprocas
  9 deep elf annihilators
  A dire elephant (Zig:4)
  2 yellow draconians
  A minotaur (Gauntlet)
  A purple draconian (Depths:5)
  25 blizzard demons
  14 fire dragons
  20 ettins
  20 jiangshi
  7 deep elf death magi
  6 eidola
  An ettin (shapeshifter) (Zig:8)
  7 eleionomae
  20 yaktaur captains
  7 great orbs of eyes
  21 green deaths
  6 quicksilver dragon zombies
  A spectral golden dragon (Crypt:3)
  37 vault guards
  11 death oozes
  27 mummy priests
  37 ice dragons
  3 kraken zombies
  6 hell beasts
  25 starcursed masses
  Harold (D:7)
  The ghost of Duaji the Blocker, a journeyman GrFi of Okawaru (Lair:2)
  6 boulder beetles
  6 ghost crabs
  6 quicksilver dragon skeletons
  24 hydras
  16 monstrous demonspawn (Pan)
  4 spriggan air magi
  Fannar (D:11)
  Erica (D:11)
  3 deep elf high priests
  25 rakshasas
  66 two-headed ogres
  A fenstrider witch skeleton (Crypt:1)
  30 naga warriors
  10 death knights
  2 juggernaut simulacra (Pan)
  34 dancing weapons
  24 ogre magi
  A two-headed ogre (shapeshifter) (Depths:2)
  11 centaur warriors
  13 death scarabs
  10 anacondas
  11 death yaks
  A queen ant (shapeshifter) (Vaults:5)
  11 alligators
  6 tengu warriors
  15 vampire magi
  8 deep troll shamans
  3 shock serpents
  A shock serpent (shapeshifter) (Vaults:1)
  The ghost of Netaeli the End of an Era, a journeyman SpVM of Qazlal (D:12)
  28 hell hogs
  13 deep troll earth magi
  10 titan zombies
  27 thrashing horrors
  3 iron golems (Hell)
  Sonja (Lair:3)
  20 naga sharpshooters
  6 holy swine (Pan)
  73 sun demons
  6 spriggan berserkers
  32 hell knights
  29 deep elf knights
  44 soul eaters
  6 storm dragon zombies
  9 titan skeletons
  2 fire crabs
  16 iron trolls
  24 shadow wraiths
  152 skeletal warriors
  7 storm dragon skeletons
  2 ghost moth zombies
  5 salamander mystics
  4 spatial maelstroms
  A spark wasp zombie (Zig:7)
  13 wretched stars
  26 cherubim
  7 golden dragon zombies
  3 sea snakes
  14 gelid demonspawn (Pan)
  30 sixfirhies
  A death drake (Depths:2)
  5 goliath frogs
  An unseen horror (shapeshifter) (Abyss:3)
  A death drake (shapeshifter) (Vaults:5)
  46 deep trolls
  17 flayed ghosts
  4 spriggan druids
  15 infernal demonspawn (Pan)
  9 naga ritualists
  28 shadow demons
  19 anaconda zombies
  7 swamp dragons
  9 glowing orange brains
  20 ironbrand convokers
  11 torturous demonspawn (Pan)
  A harpy (shapeshifter) (Depths:4)
  18 unseen horrors
  10 bog bodies
  7 golden dragon skeletons
  16 wizards
  15 necromancers
  A lindwurm (Swamp:4)
  19 deep elf archers
  30 phantasmal warriors
  6 shadow dragon zombies
  6 iron dragon zombies
  54 ugly things
  5 harpies (Vaults:2)
  9 fire giant zombies
  10 anaconda skeletons
  3 wolf spider zombies
  A shining eye (shapeshifter) (Vaults:5)
  8 orc knights
  2 orb spiders (shapeshifter)
  3 tengu skeletons (Vaults:3)
  5 wolf spiders
  12 stone giant zombies
  4 mana vipers
  A lindwurm (shapeshifter) (Vaults:5)
  78 deep elf magi
  3 orc sorcerers
  12 shadow dragon skeletons
  8 iron dragon skeletons
  An oklob plant (Lair:5)
  13 cyclopes
  3 shining eyes
  18 salamanders
  2 sphinx skeletons
  9 frost giant zombies
  2 salamanders (shapeshifter)
  2 fauns (shapeshifter)
  8 elephants
  2 cyclopes (shapeshifter)
  An elephant (shapeshifter) (Depths:4)
  10 worldbinders
  2 will-o-the-wisps
  34 rust devils
  7 guardian serpents
  9 frost giant skeletons
  3 shock serpent zombies
  An apocalypse crab (Abyss:3)
  10 fire giant skeletons
  3 titan simulacra
  12 molten gargoyles
  13 stone giant skeletons
  6 ice statues
  22 vault sentinels
  2 shock serpent skeletons
  20 naga magi
  An eye of devastation (Slime:4)
  7 dire elephant zombies
  45 orange demons
  58 smoke demons
  A water nymph (shapeshifter) (Depths:1)
  Maggie (D:7)
  2 storm dragon simulacra
  38 black mambas
  A torpor snail (shapeshifter) (Vaults:1)
  3 kobold demonologists (D:13)
  An eye of devastation (shapeshifter) (Zig:8)
  A minotaur zombie (Dis:7)
  A swamp worm zombie (Crypt:1)
  30 hellions
  15 cane toads
  2 yaktaur zombies (Depths:1)
  5 rime drakes
  10 dire elephant skeletons
  A pale draconian zombie (Crypt:2)
  2 red draconian zombies
  57 tormentors
  A rime drake (shapeshifter) (D:15)
  63 ice devils
  13 efreet
  40 guardian mummies
  42 yaktaurs
  A golden dragon simulacrum (Depths:2)
  5 emperor scorpion zombies
  31 hellwings
  44 freezing wraiths
  3 komodo dragons
  17 ancient zymes
  9 human skeletons
  76 red devils
  5 tengu conjurers
  A spriggan skeleton (Depths:1)
  38 demonic crawlers
  A yaktaur skeleton (Vaults:3)
  A polar bear (shapeshifter) (Vaults:2)
  4 silent spectres
  13 trolls
  25 hydra zombies
  A wind drake (shapeshifter) (Depths:2)
  A bloated husk (Swamp:3)
  5 polar bears
  A tengu simulacrum (Depths:1)
  A shadow dragon simulacrum (Vaults:3)
  4 jumping spiders
  10 tyrant leeches
  35 blink frogs
  4 harpy skeletons
  19 hornets
  11 ettin zombies
  5 harpy zombies
  8 ice dragon zombies
  11 hydra skeletons
  8 fire dragon zombies
  31 raiju
  83 slime creatures
  8 dream sheep
  3 stone giant simulacra
  A snapping turtle (shapeshifter) (Vaults:5)
  8 alligator zombies
  A slime creature (shapeshifter) (Depths:4)
  A black mamba zombie (Dis:5)
  198 flying skulls
  7 ice dragon skeletons
  43 wraiths
  3 air elementals
  6 alligator skeletons
  A redback (shapeshifter) (Vaults:5)
  A tarantella (Depths:2)
  A centaur simulacrum (D:12)
  Sigmund (D:2)
  5 redbacks
  33 ynoxinuls
  A wyvern (shapeshifter) (Abyss:1)
  42 shadows
  36 small abominations
  6 wyverns
  2 ushabtiu (Tomb:1)
  3 vampires
  5 fire dragon skeletons
  22 spriggans
  16 water elementals
  8 ettin skeletons
  5 hogs
  3 black mamba skeletons
  2 hogs (shapeshifter)
  5 basilisks
  6 fire bats
  17 yaks
  A yak (shapeshifter) (Vaults:3)
  8 golden eyes
  A golden eye (shapeshifter) (Vaults:1)
  5 steam dragons
  35 fire elementals
  2 basilisks (shapeshifter)
  33 neqoxecs
  32 chaos spawn
  15 spatial vortices
  4 wargs
  2 merfolk zombies
  A harpy simulacrum (Coc:7)
  8 vampire mosquitoes
  2 elf skeletons
  4 insubstantial wisps (Depths:2)
  A two-headed ogre zombie (Crypt:1)
  18 cane toad zombies
  98 large abominations
  2 acid dragons
  3 hydra simulacra
  17 swamp worms
  73 nagas
  16 water moccasins
  76 hell hounds
  A water moccasin (shapeshifter) (D:12)
  2 deep troll skeletons (Vaults:3)
  A floating eye (shapeshifter) (Depths:5)
  A floating eye (Slime:4)
  5 cane toad skeletons
  12 ice beasts
  8 phantoms
  3 alligator simulacra
  6 black bears
  An eye of draining (shapeshifter) (D:15)
  2 swamp dragon zombies
  4 human zombies
  28 orc warriors
  9 sky beasts
  10 swamp drakes
  4 manticore zombies
  An ettin simulacrum (Vaults:2)
  9 snapping turtle zombies
  A boulder beetle simulacrum (Vaults:1)
  An ice dragon simulacrum (Coc:7)
  46 ogres
  33 necrophages
  5 eyes of draining
  8 boggarts
  2 manticore skeletons
  32 wolves
  18 centaurs
  7 snapping turtle skeletons
  3 swamp dragon skeletons
  4 big kobolds
  An elf zombie (Tar:6)
  A wyvern zombie (D:15)
  4 earth elementals
  24 bullfrogs
  A rime drake skeleton (Crypt:1)
  A gnoll sergeant (D:7)
  3 cane toad simulacra
  A glowing shapeshifter simulacrum (Vaults:3)
  A wyvern skeleton (Crypt:1)
  3 water moccasin skeletons
  A hornet simulacrum (D:12)
  6 scorpions
  An elf simulacrum (Vaults:3)
  2 troll zombies (D:12)
  5 killer bees (D:9)
  4 howler monkeys
  62 wights
  15 crimson imps
  A vampire bat (Depths:2)
  7 lava snakes
  2 quasits
  A bullfrog zombie (D:9)
  8 hounds
  2 centaur zombies
  2 human simulacra
  30 iron imps
  17 orc priests
  A wolf skeleton (Crypt:2)
  2 jellies
  A black bear zombie (Crypt:2)
  3 centaur skeletons
  Ijyb (D:5)
  9 hell rats
  4 iguanas
  24 orc wizards
  12 worker ants
  7 ogre zombies
  2 hound skeletons
  63 mummies
  3 gnolls (D:7)
  2 howler monkey skeletons
  8 adders
  12 shadow imps
  33 white imps
  4 ufetubi
  A halfling skeleton (Crypt:2)
  2 adder skeletons
  3 worms
  2 ball lightnings (Pan)
  A dart slug (D:3)
  5 leopard geckos
  70 orcs
  9 bats
  6 giant cockroaches
  7 goblins
  10 hobgoblins
  16 jackals
  4 quokkas
  2 ball pythons
  2 frilled lizards
  A goblin skeleton (D:12)
  3 goblin zombies (D:12)
  3 hobgoblin skeletons (D:12)
  2 hobgoblin zombies (D:12)
  A jackal skeleton (Crypt:2)
  30 kobolds
  A kobold zombie (Dis:5)
  4 orc skeletons (D:12)
  13 orc zombies
  A quokka skeleton (D:5)
  7 rats
  6 crawling corpses (Vaults:5)
  2 lurking horrors (Abyss:4)
  A macabre mass (Depths:2)
  72 pillars of salt
  19 starspawn tentacles
  5 tentacles
5961 creatures vanquished.

Vanquished Creatures (collateral kills)
  A shard shrike (Coc:7)
  An Ice Fiend (Dis:7)
  An ironheart preserver (Vaults:1)
  A bennu (Tomb:3)
  2 blizzard demons (Coc:7)
  An ice dragon (Coc:7)
  2 skeletal warriors (Coc:7)
  A titan skeleton (Coc:7)
  An anaconda skeleton (Coc:7)
  A guardian mummy (Tomb:3)
  A mummy (Tomb:3)
13 creatures vanquished.

Vanquished Creatures (others)
  An Executioner (Pan)
  An eldritch tentacle (Pan)
  2 elemental wellsprings
  A deep elf demonologist (Elf:2)
  A green death (Hell)
  A deep elf high priest (Vaults:5)
  A sun demon (Pan)
  3 hell knights (Geh:5)
  A deep elf knight (Elf:3)
  A shadow demon (Pan)
  A swamp dragon (Swamp:4)
  3 lindwurms
  A hornet (Lair:2)
  A bloated husk (Swamp:3)
  A harpy skeleton (Geh:1)
  A fire dragon zombie (Coc:7)
  6 flying skulls
  A chaos spawn (Pan)
  A swamp worm (Swamp:4)
  A naga (Snake:4)
  3 hell hounds (Hell)
  An ogre (Vaults:2)
  2 swamp drakes (Swamp:4)
  A boggart (Depths:4)
  A small abomination (Abyss:5)
  A wight (Coc:6)
  3 hell rats (Hell)
  7 ball lightnings (Pan)
  A bush (Abyss:3)
  A crawling corpse (Vaults:2)
  51 demonic plants
  8 foxfires
  20 fungi
  3 lurking horrors
  235 pillars of salt
  60 plants
  22 starspawn tentacles
  11 tentacles
461 creatures vanquished.

Grand Total: 6435 creatures vanquished

Notes
Turn   | Place    | Note
-------+----------+-------------------------------------------
     0 | D:1      | swinepaste the Hill Orc Fighter began the quest for the
                  | Orb.
     0 | D:1      | Reached XP level 1. HP: 19/19 MP: 1/1
   334 | D:1      | Reached XP level 2. HP: 25/26 MP: 2/2
   930 | D:2      | Noticed Sigmund
   938 | D:2      | Killed Sigmund
   939 | D:2      | Reached XP level 3. HP: 31/31 MP: 3/3
   939 | D:2      | Reached XP level 4. HP: 39/39 MP: 4/4
   939 | D:2      | Reached XP level 5. HP: 45/45 MP: 5/5
  1788 | D:3      | Reached XP level 6. HP: 51/51 MP: 6/6
  1833 | D:3      | Reached skill level 5 in Shields
  1883 | D:3      | Found an ancient bone altar of Kikubaaqudgha.
  2498 | D:4      | Found a snail-covered altar of Cheibriados.
  2498 | D:4      | Found a faded altar of an unknown god.
  2506 | D:4      | Found a white marble altar of Elyvilon.
  2508 | D:4      | Found an ornate altar of the Wu Jian Council.
  2510 | D:4      | Found a broken altar of Ashenzari.
  2907 | D:5      | Entered Level 5 of the Dungeon
  2956 | D:5      | Noticed a necrophage
  2968 | D:5      | Killed a necrophage
  2976 | D:5      | Reached XP level 7. HP: 53/57 MP: 7/7
  3080 | D:5      | Found Qeoruucu's Assorted Antiques.
  3226 | D:5      | Bought a scroll labelled GIANURPH PUGHYGUI for 29 gold
                  | pieces
  3229 | D:5      | Bought a murky brown potion for 26 gold pieces
  3229 | D:5      | Bought a grey potion for 26 gold pieces
  3229 | D:5      | Bought a purple potion for 26 gold pieces
  3665 | D:5      | Found a shadowy altar of Dithmenos.
  3739 | D:5      | Noticed Ijyb
  3754 | D:5      | Killed Ijyb
  4056 | D:6      | Reached XP level 8. HP: 64/64 MP: 8/8
  4082 | D:6      | Reached skill level 10 in Axes
  4408 | D:6      | Found a stormy altar of Qazlal.
  4749 | D:7      | Noticed Harold
  4789 | D:7      | Killed Harold
  4790 | D:7      | Reached XP level 9. HP: 29/70 MP: 9/9
  5194 | D:7      | Found a staircase to the Ecumenical Temple.
  5205 | Temple   | Entered the Ecumenical Temple
  5400 | Temple   | Became a worshipper of Zin the Law-Giver
  5400 | Temple   | Reached * piety under Zin
  5401 | Temple   | Donated 163 gold pieces to Zin
  5423 | D:7      | Reached ** piety under Zin
  5583 | D:7      | Found a blossoming altar of Fedhas.
  5607 | D:7      | Noticed Maggie
  5630 | D:7      | Killed Maggie
  6006 | D:7      | Gained mutation: Your body sometimes deteriorates upon
                  | taking damage. [potion of mutation]
  6006 | D:7      | Gained mutation: Your mind is acute. (Int +2) [potion of
                  | mutation]
  6401 | D:8      | Noticed Gastronok
  6426 | D:8      | Killed Gastronok
  6427 | D:8      | Reached skill level 15 in Axes
  6427 | D:8      | Reached skill level 10 in Shields
  6427 | D:8      | Reached XP level 10. HP: 62/77 MP: 10/10
  6620 | D:8      | Found a sacrificial altar of Ru.
  6706 | D:8      | You fall into a shaft and drop 3 floors!
  6732 | D:11     | Reached skill level 1 in Invocations
  6825 | D:11     | Reached *** piety under Zin
  6989 | D:11     | Reached skill level 5 in Fighting
  7057 | D:11     | Noticed Erica
  7075 | D:11     | Killed Erica
  7076 | D:11     | Reached skill level 5 in Invocations
  7076 | D:11     | Reached XP level 11. HP: 91/91 MP: 13/15
  7091 | D:10     | Entered Level 10 of the Dungeon
  7832 | D:8      | Found a burning altar of Makhleb.
  7904 | D:8      | Found Weifaigu's Magic Scroll Shoppe.
  8217 | D:9      | Got a faintly humming ring mail
  8228 | D:9      | Identified the +2 ring mail of Panentheism {rC- rN+ Int+2}
                  | (You found it on level 9 of the Dungeon)
  8273 | D:9      | Found a burning altar of Makhleb.
  8459 | D:9      | Found a shimmering altar of Xom.
  8507 | D:9      | Noticed a two-headed ogre
  8532 | D:9      | Killed a two-headed ogre
  8666 | D:9      | Found Sudghuecw's Antique Weapon Shop.
  9091 | D:10     | Reached **** piety under Zin
  9165 | D:10     | Found a staircase to the Lair.
  9200 | D:10     | Reached skill level 10 in Invocations
  9961 | D:11     | Found a runed translucent door.
 10001 | D:11     | Got a distressingly furry hat
 10012 | D:11     | Identified the +1 hat "Diubimm" {rF+ Str-2 SInv} (You found
                  | it on level 11 of the Dungeon)
 10043 | D:11     | Got an ichor-stained whip
 10044 | D:11     | Identified the cursed +1 whip "Orb Guardian's Regret"
                  | {vamp, rElec Dex+4} (You found it on level 11 of the
                  | Dungeon)
 10055 | D:11     | Noticed a boulder beetle
 10104 | D:11     | Killed a boulder beetle
 10178 | D:11     | Got a transparent emerald amulet
 10190 | D:11     | Identified the amulet "Daunoto" {Faith +Blink rElec rPois}
                  | (You found it on level 11 of the Dungeon)
 10216 | D:11     | Noticed a skeletal warrior
 10285 | D:11     | Killed a skeletal warrior
 10286 | D:11     | Reached XP level 12. HP: 47/105 MP: 20/20
 10648 | D:11     | Noticed Fannar
 10692 | D:11     | Killed Fannar
 10886 | D:11     | Reached skill level 10 in Fighting
 11059 | D:11     | Noticed a death knight
 11080 | D:11     | Killed a death knight
 11431 | D:11     | Noticed a two-headed ogre
 11448 | D:11     | Killed a two-headed ogre
 11878 | D:8      | Bought a scroll of identify for 22 gold pieces
 11878 | D:8      | Bought a scroll of remove curse for 33 gold pieces
 12051 | Lair:1   | Entered Level 1 of the Lair of Beasts
 12151 | Lair:1   | Reached skill level 1 in Dodging
 12444 | Lair:1   | Reached skill level 5 in Armour
 12574 | Lair:1   | Reached ***** piety under Zin
 12622 | Lair:1   | Identified the +2 scale mail of Inference {MR+} (You found
                  | it on level 1 of the Lair of Beasts)
 12628 | Lair:1   | Found a hide-covered altar of Uskayaw.
 13267 | Lair:1   | Noticed a four-headed hydra
 13277 | Lair:1   | Killed a one-headed hydra
 13518 | Lair:2   | Found a transporter.
 13699 | Lair:2   | Reached XP level 13. HP: 77/114 MP: 22/22
 13934 | Lair:2   | Reached skill level 5 in Dodging
 13953 | Lair:2   | Identified a scroll of acquirement
 13953 | Lair:2   | Acquired a +5 broad axe of flaming
 13992 | Lair:2   | Found a staircase to the Snake Pit.
 14220 | Lair:2   | Noticed a rakshasa
 14227 | Lair:2   | Identified the cursed +2 spear of Goenah {distort, rF+ rC+
                  | Dex-3}
 14233 | Lair:2   | Found a one-way gate to the infinite horrors of the Abyss.
 14233 | Lair:2   | Noticed Duaji's ghost (journeyman GrFi)
 14234 | Lair:2   | Found a transporter.
 14611 | Lair:3   | Noticed Sonja
 14990 | Lair:3   | Killed Sonja
 15029 | Lair:3   | Found a dark tunnel.
 15116 | Volcano  | Entered a volcano
 15448 | Volcano  | Found a bloodstained altar of Trog.
 15662 | Volcano  | Noticed a red draconian
 15679 | Volcano  | Killed a red draconian
 15751 | Volcano  | Reached ****** piety under Zin
 16020 | Lair:3   | Identified Sif Muna's Compendium of Virous Clay
 16033 | Lair:3   | Got a scintillating tin amulet
 16034 | Lair:3   | Identified the amulet of Gifaseot {Reflect MR+ Int+6 SH+5}
                  | (You found it on level 3 of the Lair of Beasts)
 16648 | Lair:3   | Found a staircase to the Swamp.
 17758 | Lair:4   | Reached XP level 14. HP: 101/122 MP: 23/23
 18933 | Lair:5   | Found a staircase to the Slime Pits.
 19699 | Lair:6   | Entered Level 6 of the Lair of Beasts
 20081 | Lair:6   | Noticed Kirke
 20083 | Lair:6   | Noticed a sphinx
 20087 | Lair:6   | Paralysed by a sphinx for 6 turns
 20090 | Lair:6   | Noticed a sphinx
 20465 | Lair:6   | Killed Kirke
 21447 | Lair:6   | Reached XP level 15. HP: 102/128 MP: 24/24
 21919 | D:12     | Noticed Netaeli's ghost (journeyman SpVM)
 21919 | D:12     | Noticed a lich
 21954 | D:12     | Found a staircase to the Orcish Mines.
 22224 | D:12     | Found a runed translucent door.
 22254 | D:12     | Found a runed translucent door.
 22254 | D:12     | Noticed a fire giant
 22737 | D:12     | Killed a lich
 22748 | D:12     | Killed a fire giant
 22991 | D:12     | Killed Netaeli's ghost
 23389 | Orc:1    | Entered Level 1 of the Orcish Mines
 23796 | Orc:1    | Reached skill level 1 in Evocations
 24199 | Orc:2    | Entered Level 2 of the Orcish Mines
 24205 | Orc:2    | Reached skill level 1 in Stealth
 24280 | Orc:2    | Found a roughly hewn altar of Beogh.
 24316 | Orc:2    | Found Wautal's General Store.
 24456 | Orc:2    | Found a staircase to the Elven Halls.
 24476 | Orc:2    | Found Ythrugor's Antique Weapon Shop.
 24482 | Orc:2    | Found Okiosisk's Distillery.
 24808 | Orc:2    | Reached skill level 5 in Evocations
 25081 | Orc:2    | Upgraded the game from 0.26-a0-863-g3bff4b215c to
                  | 0.26-a0-931-g326f72de0d
 25201 | Orc:2    | Found a roughly hewn altar of Beogh.
 25297 | Orc:2    | Found Anootte's Distillery.
 25310 | Orc:2    | Found Ferizase's Assorted Antiques.
 25327 | Orc:2    | Bought 3 scrolls of enchant weapon for 585 gold pieces
 25448 | Orc:2    | Bought a potion of heal wounds for 50 gold pieces
 25448 | Orc:2    | Bought a potion of heal wounds for 50 gold pieces
 25456 | Orc:2    | Acquired a +2 broad axe of electrocution
 25914 | D:13     | Found a gate leading to a gauntlet.
 25926 | Gauntlet | Entered a Gauntlet
 25926 | Gauntlet | Found a transporter.
 25926 | Gauntlet | Found a transporter.
 25926 | Gauntlet | Found a transporter.
 25926 | Gauntlet | Found a transporter.
 25930 | Gauntlet | Found a transporter.
 25940 | Gauntlet | Found a transporter.
 25949 | Gauntlet | Found a transporter.
 25960 | Gauntlet | Found a transporter.
 25972 | Gauntlet | Found a transporter.
 25992 | Gauntlet | Found a transporter.
 25998 | Gauntlet | Found a transporter.
 26017 | Gauntlet | Found a transporter.
 26459 | Gauntlet | Got an ancient jade ring
 26460 | Gauntlet | Identified the ring "Yfronk" {*Tele rPois rF- rC+} (You
                  | found it in a Gauntlet)
 26567 | Gauntlet | Reached XP level 16. HP: 106/135 MP: 25/25
 26986 | D:13     | Got a slimy lajatang
 26992 | D:13     | Identified the +5 lajatang "Newt's Doom" {speed, rElec
                  | rPois SInv Stlth-} (You found it on level 13 of the
                  | Dungeon)
 27145 | D:13     | Found a corrupted altar of Lugonu.
 27868 | D:14     | Reached skill level 15 in Shields
 28256 | D:14     | Found a portal to a secret trove of treasure.
 28273 | D:14     | You paid a toll of 6 scrolls of fear to enter a treasure
                  | trove
 28274 | Trove    | Entered a treasure trove
 28304 | Trove    | Got a translucent bronze ring
 28373 | D:14     | Identified the ring "Jususkysh" {rF+ MP+9 Str+3} (You found
                  | it in a treasure trove)
 28436 | D:14     | Found a gate to the Vaults.
 28705 | D:15     | Entered Level 15 of the Dungeon
 29810 | D:15     | Found a staircase to the Depths.
 29888 | D:15     | Found Xerraca's Armour Emporium.
 29910 | D:15     | Cast into level 3 of the Abyss (a wizard)
 30002 | Abyss:4  | Reached skill level 15 in Invocations
 30060 | Abyss:4  | Noticed a tentacled starspawn
 30067 | Abyss:4  | Noticed a profane servitor
 30072 | Abyss:4  | Got an abyssal rune of Zot
 30086 | Abyss:4  | Paralysed by a great orb of eyes for 5 turns
 30271 | D:15     | Escaped the Abyss
 30932 | Snake:1  | Entered Level 1 of the Snake Pit
 31014 | Lair:2   | Killed Duaji's ghost
 31023 | Lair:2   | Reached XP level 17. HP: 99/141 MP: 28/28
 32318 | Snake:2  | Noticed Aizul
 32361 | Snake:2  | Killed Aizul
 33838 | Snake:3  | Found a runed translucent door.
 33986 | Snake:3  | Noticed mif's ghost (journeyman MiBe)
 34031 | Snake:3  | Killed mif's ghost
 34589 | Snake:3  | Found Pypeotue's Assorted Antiques.
 35122 | Snake:3  | Reached XP level 18. HP: 149/149 MP: 31/31
 35774 | Snake:4  | Entered Level 4 of the Snake Pit
 36039 | Snake:4  | Reached XP level 19. HP: 124/156 MP: 32/32
 38841 | Snake:4  | Got a serpentine rune of Zot
 39708 | Snake:4  | Reached skill level 15 in Fighting
 40205 | Swamp:1  | Entered Level 1 of the Swamp
 40422 | Swamp:1  | Reached XP level 20. HP: 89/178 MP: 33/33
 42023 | Swamp:3  | Reached skill level 10 in Evocations
 42415 | Swamp:3  | Found a radiant altar of Vehumet.
 42651 | Swamp:4  | Entered Level 4 of the Swamp
 42674 | Swamp:4  | Noticed Mara
 43347 | Swamp:4  | Killed Mara
 43510 | Swamp:4  | Got a decaying rune of Zot
 44215 | Vaults:1 | Entered Level 1 of the Vaults
 44715 | Vaults:1 | Reached XP level 21. HP: 181/189 MP: 34/34
 45178 | Vaults:1 | Found Luetuudor's Magic Scroll Shop.
 45188 | Vaults:1 | Bought a scroll of acquirement for 780 gold pieces
 45190 | Vaults:1 | Acquired 708 gold pieces
 46166 | Vaults:1 | Reached skill level 10 in Armour
 47840 | Vaults:2 | Reached skill level 10 in Dodging
 47858 | Vaults:2 | Reached XP level 22. HP: 83/196 MP: 35/35
 48841 | Vaults:2 | Noticed Xtahua
 48853 | Vaults:2 | Killed Xtahua
 50008 | Vaults:3 | Identified the Disquisition on Conjuration
 50913 | Vaults:3 | Found a staircase to the Crypt.
 51315 | Vaults:4 | Reached skill level 15 in Armour
 51609 | Vaults:4 | Reached XP level 23. HP: 196/203 MP: 36/36
 53058 | Elf:1    | Entered Level 1 of the Elven Halls
 54713 | Elf:2    | Found Downiwink's Armour Shop.
 54919 | Elf:2    | Found a runed translucent gate.
 54919 | Elf:2    | Found a runed translucent gate.
 54919 | Elf:2    | Found a runed translucent gate.
 55847 | Elf:3    | Entered Level 3 of the Elven Halls
 56623 | Elf:3    | Cast into level 2 of the Abyss (a deep elf demonologist)
 56660 | Elf:3    | Escaped the Abyss
 56667 | Elf:3    | Reached XP level 24. HP: 211/211 MP: 36/36
 56895 | Elf:3    | Identified the +10 scimitar of Defiance {freeze, rElec
                  | rPois Str+2 Int+3}
 57308 | Elf:3    | Identified the +4 robe "Yku Sopa" {+Inv Int+3}
 57318 | Elf:3    | Cast into level 3 of the Abyss (a deep elf demonologist)
 57890 | Elf:3    | Escaped the Abyss
 58163 | Elf:3    | Identified the +2 mace "Deutydwa" {drain, rElec rN+ SInv
                  | Stlth+}
 58268 | Elf:3    | Cast into level 2 of the Abyss (a deep elf sorcerer)
 58373 | Elf:3    | Escaped the Abyss
 58544 | Elf:3    | Identified the +6 broad axe "Sixia" {flame, Dex+4}
 58544 | Elf:3    | Identified the ring of Hionliyp {+Fly MP+9 Str+6}
 58666 | Elf:3    | Found the +3 Elemental Staff {rElec rF++ rC++ MR++ AC+5}
 58682 | Elf:3    | Identified Sif Muna's Papyrus of the Glacier and Execration
 58698 | Elf:3    | Acquired a +1 pair of gloves of strength
 58815 | Elf:3    | Identified the ring "Yruth" {*Contam rF+ MR+ AC+4 Str+3}
 59114 | Elf:3    | Found Nazina's General Store.
 59122 | Elf:3    | Bought 2 potions of heal wounds for 150 gold pieces
 59122 | Elf:3    | Bought a scroll of blinking for 112 gold pieces
 59479 | Crypt:1  | Entered Level 1 of the Crypt
 61651 | Crypt:3  | Entered Level 3 of the Crypt
 61659 | Crypt:3  | Reached XP level 25. HP: 217/217 MP: 38/38
 61889 | Crypt:3  | Reached skill level 15 in Dodging
 61986 | Crypt:3  | Found a basalt altar of Yredelemnul.
 62480 | Crypt:3  | Noticed an ancient lich
 62508 | Crypt:3  | Killed an ancient lich
 62758 | Crypt:3  | Found a staircase to the Tomb.
 62800 | Crypt:3  | Identified the Catalogue of Dark Magic and Cold
 63120 | Crypt:3  | Identified the Reference Book on Black Arts
 63484 | Depths:1 | Entered Level 1 of the Depths
 63523 | Depths:1 | Noticed Nikola
 63536 | Depths:1 | Killed Nikola
 63663 | Depths:1 | Found Kexoun's Magic Scroll Emporium.
 63663 | Depths:1 | Found Tetaf's Armour Shoppe.
 63664 | Depths:1 | Found Gockir's Armour Emporium.
 63668 | Depths:1 | Found Quloyfuw's Antique Weapon Shoppe.
 63677 | Depths:1 | Bought the +2 helmet of the Last Smoking Moons {rF+ Int+4
                  | Dex+3 Stlth+} for 874 gold pieces
 63758 | Depths:1 | Found a runed translucent door.
 64716 | Depths:1 | Reached XP level 26. HP: 196/226 MP: 38/38
 65230 | Depths:1 | Identified the ring "Vehin" {+Inv rPois rF+ Str-5 Dex+7}
                  | (You found it on level 1 of the Depths)
 65452 | Depths:1 | Found a gateway to Hell.
 65768 | Depths:2 | Identified Rekheile's Papyrus of Shape Shifting
 65790 | Depths:1 | Noticed a juggernaut
 65833 | Depths:1 | Killed a juggernaut
 65888 | Depths:1 | Identified Fal Ciugh's Disquisition on Warped Sinister
                  | Secrets
 66017 | Depths:2 | Identified Ymurog's Compendium of Evil
 66343 | Depths:2 | Identified the Tome of Slime
 66484 | Depths:2 | Identified the Tome of Toxins
 66559 | Depths:2 | Noticed the Enchantress
 66608 | Depths:2 | Killed the Enchantress
 66887 | Depths:2 | Identified the +5 lajatang "Karchoi" {freeze, rPois}
 66950 | Depths:2 | Identified the +4 morningstar of Reinforcement {vorpal,
                  | *Rage rElec rPois Int+4}
 66950 | Depths:2 | Identified the cursed ring "Ruses" {rElec Str-3 Int+9 Dex-4
                  | Stlth+}
 67355 | Depths:2 | Identified Lom Lobon's Reference Book on Displacement
 67357 | Depths:2 | Identified the cursed +0 plate armour of Trial and Error
                  | {Harm *Drain rCorr SInv} (You found it on level 2 of the
                  | Depths)
 67596 | Depths:3 | Noticed Mennas
 67597 | Depths:3 | Found a glowing silver altar of Zin.
 67692 | Depths:3 | Identified the cursed -8 tower shield of the Nightingale
                  | {Int+3 SInv}
 67820 | Depths:3 | Reached XP level 27. HP: 213/235 MP: 38/38
 68073 | Depths:3 | Killed Mennas
 68117 | Depths:3 | Found the +7 lajatang of Order {silver, rMut}
 68120 | Depths:3 | Identified the +4 plate armour of Quiet Fog {rElec rC-
                  | Int+4 Dex+4} (You found it on level 3 of the Depths)
 68585 | Depths:3 | Paralysed by a lich for 4 turns
 68633 | Depths:3 | Found a one-way gate leading to the halls of Pandemonium.
 68941 | Depths:4 | Found a gateway to a ziggurat.
 68989 | Depths:4 | Noticed Louise
 69012 | Depths:4 | Killed Louise
 70002 | Depths:4 | Found the +8 glaive of the Guard {elec, +Rage AC+5 SInv}
 70315 | Depths:5 | Entered Level 5 of the Depths
 70423 | Depths:5 | Identified the +8 quarterstaff of Cemaf {drain, rElec rPois
                  | Str+9}
 71026 | Depths:5 | Found a gate to the Realm of Zot.
 71053 | Depths:5 | Upgraded the game from 0.26-a0-931-g326f72de0d to
                  | 0.26-a0-940-gf7e0b5f775
 71280 | Orc:2    | Bought a scroll of blinking for 82 gold pieces
 71280 | Orc:2    | Bought an uncursed ring of protection from cold for 275
                  | gold pieces
 71481 | Slime:1  | Entered Level 1 of the Pits of Slime
 71837 | Slime:5  | Entered Level 5 of the Pits of Slime
 71955 | Slime:5  | Noticed the Royal Jelly
 72135 | Slime:4  | Paralysed by a floating eye for 3 turns
 72467 | Slime:5  | Found a viscous altar of Jiyva.
 72473 | Slime:5  | Found the brooch of Shielding {Spirit SH+8}
 72615 | Slime:5  | Killed the Royal Jelly
 72844 | Slime:5  | Got a slimy rune of Zot
 72848 | Slime:5  | Got a steaming lapis lazuli ring
 72878 | Slime:5  | Identified the Catalogue of Changing and Battle Magic
 72881 | Slime:5  | Got a bound glass ring
 72929 | Slime:5  | Identified the Grimoire of Curses and the Mountains
 72971 | Slime:5  | Identified the ring "Noshryim" {rPois rF- MR+++ Int-3 SInv}
                  | (You found it on level 5 of the Pits of Slime)
 72972 | Slime:5  | Identified the ring of Kagg {rPois rC+ EV+4 Dex+2} (You
                  | found it on level 5 of the Pits of Slime)
 72980 | Slime:5  | Upgraded the game from 0.26-a0-940-gf7e0b5f775 to
                  | 0.26-a0-952-g76694b35de
 73359 | Temple   | Fell from the grace of Zin
 73359 | Temple   | Became a worshipper of the Shining One
 73359 | Temple   | Reached * piety under the Shining One
 73359 | Temple   | Reached ** piety under the Shining One
 73359 | Temple   | Reached *** piety under the Shining One
 73632 | Hell     | Entered the Vestibule of Hell
 73632 | Hell     | Noticed Geryon
 73632 | Hell     | Reached **** piety under the Shining One
 73665 | Hell     | Reached ***** piety under the Shining One
 73838 | Hell     | Killed Geryon
 73885 | Hell     | Reached ****** piety under the Shining One
 73906 | Hell     | Found a gateway to the freezing wastes of Cocytus.
 74223 | Lair:5   | Identified a +9 broad axe of holy wrath (a +9 broad axe of
                  | flaming blessed by the Shining One)
 74223 | Lair:5   | Received a gift from the Shining One
 74452 | Temple   | Fell from the grace of the Shining One
 74452 | Temple   | Became a worshipper of Zin the Law-Giver
 74762 | Hell     | Found a gateway to the decaying netherworld of Tartarus.
 74841 | Hell     | Found a gateway to the ashen valley of Gehenna.
 74931 | Hell     | Found a gateway to the Iron City of Dis.
 75135 | Tar:1    | Entered Level 1 of Tartarus
 75617 | Temple   | Fell from the grace of Zin
 75617 | Temple   | Became a worshipper of the Shining One
 75933 | Geh:1    | Entered Level 1 of Gehenna
 76304 | Geh:1    | Found a huge runed gate.
 76304 | Geh:1    | Found a huge runed gate.
 76305 | Geh:1    | Found a huge runed gate.
 76305 | Geh:1    | Found a huge runed gate.
 76306 | Geh:1    | Found a huge runed gate.
 76312 | Geh:1    | Found a huge runed gate.
 76312 | Geh:1    | Found a huge runed gate.
 76316 | Geh:1    | Found a huge runed gate.
 76316 | Geh:1    | Found a huge runed gate.
 76317 | Geh:1    | Found a huge runed gate.
 76321 | Geh:1    | Found a huge runed gate.
 76321 | Geh:1    | Found a huge runed gate.
 76321 | Geh:1    | Found a huge runed gate.
 76321 | Geh:1    | Found a huge runed gate.
 76321 | Geh:1    | Found a huge runed gate.
 76322 | Geh:1    | Found a huge runed gate.
 76335 | Geh:1    | Found a huge runed gate.
 76335 | Geh:1    | Found a huge runed gate.
 76335 | Geh:1    | Found a huge runed gate.
 76335 | Geh:1    | Found a huge runed gate.
 76359 | Geh:1    | Noticed an ancient lich
 76754 | Geh:1    | Killed an ancient lich
 77795 | Geh:6    | Reached skill level 27 in Invocations
 77930 | Geh:7    | Entered Level 7 of Gehenna
 78559 | Geh:7    | Noticed the Serpent of Hell
 78571 | Geh:7    | Killed the Serpent of Hell
 78982 | Geh:7    | Identified Esihaoke's Compendium of Dislocation and Hexes
 79006 | Geh:7    | Identified the +7 broad axe of Emmy Wad {vorpal, rPois rN+}
 79179 | Geh:7    | Identified the +7 sceptre of Asmodeus
 79179 | Geh:7    | Noticed Asmodeus
 79504 | Geh:7    | Killed Asmodeus
 79569 | Geh:7    | Got an obsidian rune of Zot
 79576 | Geh:7    | Identified the ring of the Shrike {rPois MR+ Int-4 Dex+2
                  | Stlth+} (You found it on level 7 of Gehenna)
 79755 | Dis:1    | Entered Level 1 of the Iron City of Dis
 80987 | Dis:7    | Entered Level 7 of the Iron City of Dis
 81514 | Dis:7    | Identified the +2 rapier of World Downfall {flame, rC+
                  | Str+3}
 81755 | Dis:7    | Identified the amulet "Urhil" {Acrobat rPois Str+3 Int-3
                  | Slay+5} (You found it on level 7 of the Iron City of Dis)
 81759 | Dis:7    | Identified the Tome of Burning Clay
 82243 | Dis:7    | Gained mutation: Your body often deteriorates upon taking
                  | damage. [a cacodemon]
 82254 | Dis:7    | Gained mutation: Scrolls take you a little longer to read.
                  | [a cacodemon]
 82344 | Dis:7    | Gained mutation: Armour fits poorly on your strangely
                  | shaped body. [a cacodemon]
 82351 | Dis:7    | Gained mutation: You are resistant to hostile enchantments.
                  | (MR+) [a cacodemon]
 82387 | Dis:7    | Lost mutation: Armour fits poorly on your strangely shaped
                  | body. [potion of mutation]
 82387 | Dis:7    | Lost mutation: Scrolls take you a little longer to read.
                  | [potion of mutation]
 82387 | Dis:7    | Gained mutation: Your spells are a little harder to cast,
                  | but a little more powerful. [potion of mutation]
 82905 | Dis:7    | Identified the +4 staff of Dispater
 82905 | Dis:7    | Noticed Dispater
 83225 | Dis:7    | Identified the cursed +0 tower shield of Hiful {Str+7
                  | Dex-2}
 83251 | Dis:7    | Killed Dispater
 83509 | Dis:7    | Found the +0 mask of the Dragon {MR+ Slay+3 SInv}
 83576 | Dis:7    | Got an iron rune of Zot
 83909 | Coc:1    | Entered Level 1 of Cocytus
 86160 | Coc:7    | Entered Level 7 of Cocytus
 86611 | Coc:7    | Reached skill level 27 in Fighting
 87409 | Coc:7    | Identified the +10 scythe of Evisceration {venom, rPois rC-
                  | Int+2 Dex+5}
 87409 | Coc:7    | Identified the ring "Codwaf" {Ice rElec rPois}
 87409 | Coc:7    | Noticed Antaeus
 87446 | Coc:7    | Killed Antaeus
 87466 | Coc:7    | Got an icy rune of Zot
 87829 | Coc:7    | Identified the ring of Noroh {rElec rPois rC+ Int-4}
 88020 | Hell     | Upgraded the game from 0.26-a0-952-g76694b35de to
                  | 0.26-a0-958-gf3041fb45f
 88099 | Tar:2    | You fall into a shaft and drop 2 floors!
 89231 | Tar:6    | Noticed Jory
 89246 | Tar:6    | Killed Jory
 89290 | Tar:7    | Entered Level 7 of Tartarus
 89316 | Tar:7    | Reached skill level 27 in Shields
 89924 | Tar:7    | Learned a level 1 spell: Apportation
 90498 | Tar:7    | Got a faintly humming chain mail
 90510 | Tar:7    | Identified the Tome of Supportive Arcane Weapons
 90512 | Tar:7    | Identified Xeuwn's Catalogue of Creative Poisoning
 90518 | Tar:7    | Identified a +2 pair of boots of running (You found it on
                  | level 7 of Tartarus)
 90815 | Tar:7    | Identified the Almanac of Icy Beguiling
 91825 | Tar:7    | Identified the +6 chain mail of Zenyr {rN+ Str+4 Dex-3}
                  | (You found it on level 7 of Tartarus)
 91851 | Tar:7    | Noticed Ereshkigal
 91960 | Tar:7    | Killed Ereshkigal
 92125 | Tar:7    | Got a bone rune of Zot
 92712 | Depths:3 | Fell from the grace of the Shining One
 92712 | Depths:3 | Became a worshipper of Zin the Law-Giver
 92853 | Zig:1    | Entered Level 1 of a ziggurat
 92876 | Zig:2    | Entered Level 2 of a ziggurat
 92903 | Zig:3    | Entered Level 3 of a ziggurat
 92954 | Zig:4    | Entered Level 4 of a ziggurat
 93001 | Zig:5    | Entered Level 5 of a ziggurat
 93050 | Zig:6    | Entered Level 6 of a ziggurat
 93101 | Zig:7    | Entered Level 7 of a ziggurat
 93569 | Zig:7    | Learned a level 2 spell: Swiftness
 93580 | Zig:8    | Entered Level 8 of a ziggurat
 93588 | Zig:8    | Found the +8 frozen axe "Frostbite" {freezing cloud, *Noise
                  | +Fly rC+}
 93650 | Zig:9    | Entered Level 9 of a ziggurat
 93657 | Zig:9    | Noticed an ancient lich
 93687 | Zig:9    | Was placed under penance by Zin
 93700 | Depths:4 | Was forgiven by Zin
 94402 | Vaults:5 | Entered Level 5 of the Vaults
 95014 | Vaults:5 | Reached skill level 27 in Armour
 95050 | Vaults:5 | Identified the +4 falchion of Lycagi {freeze, Int+6}
 95113 | Vaults:5 | Reached skill level 1 in Spellcasting
 95238 | Vaults:5 | Identified Pubburailu's Collected Works on Shifting Ice
 95328 | Vaults:5 | Identified the +12 great sword "Qusatt" {venom, Dex+7}
 95340 | Vaults:5 | Identified the Volume of Ignition and the Glacier
 95361 | Vaults:5 | Got a crude copper ring
 95362 | Vaults:5 | Identified the ring "Zunkat" {MP+9 Str+5 Int+2 SInv} (You
                  | found it on level 5 of the Vaults)
 95455 | Vaults:5 | Noticed Sojobo
 95476 | Vaults:5 | Killed Sojobo
 95563 | Vaults:5 | Identified the cursed +1 fire dragon scales of the Bones
                  | {Harm rF++ rC- rN+ Int+6 Slay-5} (You found it on level 5
                  | of the Vaults)
 95579 | Vaults:5 | Identified the Catalogue of Gliding Bewitchment
 95693 | Vaults:5 | Acquired 605 gold pieces
 95863 | Vaults:5 | Identified Xaoxkun's Handbook of Cold
 96159 | Vaults:5 | Got a silver rune of Zot
 96637 | Tomb:1   | Entered Level 1 of the Tomb of the Ancients
 97186 | Tomb:1   | Reached skill level 5 in Spellcasting
 97694 | Tomb:1   | Reached skill level 27 in Dodging
 97947 | Tomb:1   | Noticed a royal mummy
 98090 | Tomb:1   | Noticed a royal mummy
 98783 | Tomb:1   | Killed a royal mummy
 98784 | Tomb:1   | Reached skill level 1 in Translocations
 98784 | Tomb:1   | Reached skill level 1 in Air Magic
 99238 | Tomb:1   | Killed a royal mummy
100312 | Pan      | Entered Pandemonium
100506 | Pan      | Noticed Ycwoelim the pandemonium lord
100524 | Pan      | Killed Ycwoelim the pandemonium lord
100680 | Pan      | Got a demonic rune of Zot
100755 | Pan      | Reached skill level 5 in Translocations
100771 | Pan      | Reached skill level 5 in Air Magic
101388 | Pan      | Found an exit through the horrors of the Abyss.
101979 | Pan      | Noticed Yvoo the pandemonium lord
102000 | Pan      | Killed Yvoo the pandemonium lord
102276 | Pan      | Found an exit through the horrors of the Abyss.
102467 | Pan      | Learned a level 2 spell: Blink
102470 | Pan      | Learned a level 2 spell: Passwall
102520 | Pan      | Learned a level 3 spell: Confusing Touch
102526 | Pan      | Learned a level 5 spell: Silence
102568 | Pan      | Noticed Ruug the pandemonium lord
102618 | Pan      | Reached skill level 1 in Hexes
102618 | Pan      | Reached skill level 1 in Earth Magic
102716 | Pan      | Reached skill level 1 in Transmutations
103113 | Pan      | Killed Ruug the pandemonium lord
103390 | Pan      | Entered the realm of Mnoleg.
103725 | Pan      | Reached skill level 5 in Hexes
104380 | Pan      | Noticed Mnoleg
104389 | Pan      | Paralysed by a floating eye for 4 turns
104423 | Pan      | Killed Mnoleg
104478 | Pan      | Got a glowing rune of Zot
104699 | Pan      | Entered the realm of Lom Lobon.
105170 | Pan      | Reached skill level 10 in Hexes
105456 | Pan      | Noticed Lom Lobon
105476 | Pan      | Got a magical rune of Zot
106014 | Pan      | Killed Lom Lobon
106254 | Pan      | Found an exit through the horrors of the Abyss.
106463 | Pan      | Reached skill level 5 in Earth Magic
106550 | Pan      | Entered the realm of Gloorx Vloq.
107187 | Pan      | Reached skill level 5 in Transmutations
107876 | Pan      | Noticed Gloorx Vloq
107895 | Pan      | Killed Gloorx Vloq
108526 | Pan      | Got a dark rune of Zot
108546 | Pan      | Acquired 657 gold pieces
108916 | Pan      | Found an exit through the horrors of the Abyss.
108982 | Pan      | Found a transporter.
109985 | Pan      | Found a transporter.
110085 | Pan      | Identified the Grimoire of Feathery Enchantment
110143 | Pan      | Identified the ring "Xiunyt" {rC+ Stlth+} (You found it in
                  | Pandemonium)
110156 | Pan      | Identified the ring of Gotipol {*Drain rPois rF++} (You
                  | found it in Pandemonium)
110569 | Pan      | Reached skill level 10 in Air Magic
112001 | Pan      | Noticed Areanguol the pandemonium lord
112014 | Pan      | Killed Areanguol the pandemonium lord
112738 | Pan      | Reached skill level 5 in Stealth
113057 | Pan      | Noticed Luopiv the pandemonium lord
113122 | Pan      | HP: 13/273 [??? (11)]
113128 | Pan      | HP: 12/273 [poisoned by Luopiv (poison arrow)]
113134 | Pan      | HP: 11/273 [??? (8)]
114015 | Pan      | Entered the realm of Cerebov.
114156 | Pan      | Reached skill level 10 in Stealth
115616 | Pan      | Identified the +6 sword of Cerebov {flame}
115616 | Pan      | Noticed Cerebov
115624 | Pan      | Identified the +3 trident of the Pillar {vamp, +Blink +Fly
                  | rF+ Dex+2}
115639 | Pan      | Killed Cerebov
115655 | Pan      | Identified the cursed +1 plate armour "Cusuh" {Slay+4} (You
                  | found it in Pandemonium)
115659 | Pan      | Identified the +9 plate armour of Ymivvikk {+Blink Str+4
                  | Dex-5} (You found it in Pandemonium)
115677 | Pan      | Identified the Disquisition on Translocation
115680 | Pan      | Identified Sif Muna's Reference Book on Contamination and
                  | Translocation
115774 | Pan      | Got a fiery rune of Zot
115949 | Pan      | Found an exit through the horrors of the Abyss.
116139 | Pan      | Learned a level 6 spell: Invisibility
116397 | Pan      | Found a transporter.
116404 | Pan      | Reached skill level 15 in Hexes
116433 | Pan      | Found a transporter.
116620 | Pan      | Identified the cursed +0 pair of boots of Tinuagug {Int-2
                  | Dex+6} (You found it in Pandemonium)
116637 | Pan      | Got a fine jade amulet
116638 | Pan      | Identified the amulet of the Duchess {Acrobat rC+ rN+
                  | Dex+4} (You found it in Pandemonium)
117063 | Pan      | Found an exit through the horrors of the Abyss.
117072 | Pan      | Took an exit into the Abyss.
117072 | Abyss:1  | Escaped into the Abyss
117159 | Depths:3 | Escaped the Abyss
117978 | Orc:2    | Bought a potion of lignification for 30 gold pieces
117978 | Orc:2    | Bought a potion of magic for 80 gold pieces
117978 | Orc:2    | Bought a potion of might for 40 gold pieces
117978 | Orc:2    | Bought a potion of resistance for 100 gold pieces
117978 | Orc:2    | Bought a potion of invisibility for 80 gold pieces
117978 | Orc:2    | Bought a potion of flight for 30 gold pieces
117978 | Orc:2    | Bought a potion of flight for 30 gold pieces
117985 | Orc:2    | Bought 2 scrolls of fear for 182 gold pieces
117985 | Orc:2    | Bought a scroll of immolation for 91 gold pieces
118000 | Orc:2    | Bought a potion of berserk rage for 60 gold pieces
118000 | Orc:2    | Bought 2 potions of mutation for 192 gold pieces
118000 | Orc:2    | Bought a potion of heal wounds for 60 gold pieces
118000 | Orc:2    | Bought a potion of lignification for 36 gold pieces
118000 | Orc:2    | Bought a potion of attraction for 36 gold pieces
118000 | Orc:2    | Bought a potion of brilliance for 48 gold pieces
118000 | Orc:2    | Bought a potion of invisibility for 96 gold pieces
118000 | Orc:2    | Bought a potion of lignification for 36 gold pieces
118000 | Orc:2    | Bought a potion of brilliance for 48 gold pieces
118000 | Orc:2    | Bought a potion of curing for 36 gold pieces
118000 | Orc:2    | Bought a potion of berserk rage for 60 gold pieces
118000 | Orc:2    | Bought a potion of curing for 36 gold pieces
118420 | Temple   | Fell from the grace of Zin
118420 | Temple   | Became a worshipper of the Shining One
119524 | Pan      | Entered Pandemonium
119550 | Pan      | Gained mutation: Armour fits poorly on your strangely
                  | shaped body. [a cacodemon]
119559 | Pan      | Lost mutation: Your mind is acute. (Int +2) [potion of
                  | mutation]
119559 | Pan      | Lost mutation: Your spells are a little harder to cast, but
                  | a little more powerful. [potion of mutation]
119559 | Pan      | Lost mutation: Your body often deteriorates upon taking
                  | damage. [potion of mutation]
119559 | Pan      | Lost mutation: Armour fits poorly on your strangely shaped
                  | body. [potion of mutation]
119559 | Pan      | Gained mutation: You are robust. (+10% HP) [potion of
                  | mutation]
119559 | Pan      | Gained mutation: You have a pair of small horns on your
                  | head. [potion of mutation]
119559 | Pan      | Gained mutation: You are agile. (Dex +2) [potion of
                  | mutation]
119559 | Pan      | Gained mutation: You possess an exceptional clarity of
                  | mind. [potion of mutation]
119567 | Pan      | Lost mutation: You are robust. (+10% HP) [potion of
                  | mutation]
119567 | Pan      | Lost mutation: You are resistant to hostile enchantments.
                  | (MR+) [potion of mutation]
119567 | Pan      | Lost mutation: You possess an exceptional clarity of mind.
                  | [potion of mutation]
119567 | Pan      | Gained mutation: You have large cloven feet. [potion of
                  | mutation]
119568 | Pan      | Lost mutation: You have large cloven feet. [potion of
                  | mutation]
119568 | Pan      | Lost mutation: You have a pair of small horns on your head.
                  | [potion of mutation]
119568 | Pan      | Lost mutation: You are agile. (Dex +2) [potion of mutation]
119568 | Pan      | Lost mutation: Your body sometimes deteriorates upon taking
                  | damage. [potion of mutation]
119568 | Pan      | Gained mutation: You are partially covered in thin metallic
                  | scales. (AC +2) [potion of mutation]
119568 | Pan      | Gained mutation: Your spells are a little easier to cast,
                  | but a little less powerful. [potion of mutation]
119568 | Pan      | Gained mutation: You have large cloven feet. [potion of
                  | mutation]
119758 | Pan      | Found an exit through the horrors of the Abyss.
119785 | Pan      | Reached skill level 10 in Spellcasting
120044 | Pan      | Gained mutation: You occasionally shout uncontrollably at
                  | your foes. [a cacodemon]
120061 | Pan      | Noticed Nar Loyh the pandemonium lord
120107 | Pan      | Killed Nar Loyh the pandemonium lord
120119 | Pan      | Learned a level 3 spell: Lesser Beckoning
120174 | Pan      | Took an exit into the Abyss.
120174 | Abyss:1  | Escaped into the Abyss
120259 | Abyss:1  | Noticed an ancient lich
120264 | Abyss:1  | Killed an ancient lich
120623 | Depths:3 | Escaped the Abyss
120625 | Pan      | Entered Pandemonium
120951 | Pan      | Identified the cursed +0 buckler of the Sun {rF- rN+ rCorr
                  | Stlth+}
120957 | Pan      | Identified the amulet of Guet {Faith rElec Int+4}
120957 | Pan      | Noticed a seraph
120974 | Pan      | Killed a seraph
120982 | Pan      | Found a glowing golden altar of the Shining One.
121022 | Pan      | Identified Didghoska's Grimoire of Ghastly Ice
121031 | Pan      | Identified the amulet of Fegg {Inacc rF+} (You found it in
                  | Pandemonium)
121043 | Pan      | Identified the amulet of the Devil's Advocate {Spirit rPois
                  | Str+7 Int-2} (You found it in Pandemonium)
123557 | Pan      | Found a glowing silver altar of Zin.
125011 | Pan      | Found a white marble altar of Elyvilon.
125313 | Pan      | Reached skill level 27 in Axes
125417 | Depths:3 | Escaped Pandemonium
125889 | Crypt:3  | Lost mutation: You are partially covered in thin metallic
                  | scales. (AC +2) [potion of mutation]
125889 | Crypt:3  | Lost mutation: Your spells are a little easier to cast, but
                  | a little less powerful. [potion of mutation]
125889 | Crypt:3  | Lost mutation: You occasionally shout uncontrollably at
                  | your foes. [potion of mutation]
125889 | Crypt:3  | Gained mutation: You evolve. [potion of mutation]
125889 | Crypt:3  | Gained mutation: Your flesh is cold resistant. (rC+)
                  | [potion of mutation]
125889 | Crypt:3  | Gained mutation: Armour fits poorly on your strangely
                  | shaped body. [potion of mutation]
125890 | Crypt:3  | Lost mutation: Armour fits poorly on your strangely shaped
                  | body. [potion of mutation]
125890 | Crypt:3  | Lost mutation: You have large cloven feet. [potion of
                  | mutation]
125890 | Crypt:3  | Gained mutation: Scrolls take you a little longer to read.
                  | [potion of mutation]
125890 | Crypt:3  | Gained mutation: You are frail. (-10% HP) [potion of
                  | mutation]
125890 | Crypt:3  | Lost mutation: Scrolls take you a little longer to read.
                  | [potion of mutation]
125890 | Crypt:3  | Gained mutation: You are covered in fur. (AC +1) [potion of
                  | mutation]
125891 | Crypt:3  | Lost mutation: You are frail. (-10% HP) [potion of
                  | mutation]
125891 | Crypt:3  | Lost mutation: You are covered in fur. (AC +1) [potion of
                  | mutation]
125891 | Crypt:3  | Lost mutation: You evolve. [potion of mutation]
125891 | Crypt:3  | Lost mutation: Your flesh is cold resistant. (rC+) [potion
                  | of mutation]
125891 | Crypt:3  | Gained mutation: You passively map a small area around you.
                  | [potion of mutation]
125891 | Crypt:3  | Gained mutation: You have very sharp teeth. [potion of
                  | mutation]
126054 | Tomb:2   | Noticed a royal mummy
126055 | Tomb:2   | Noticed a royal mummy
126055 | Tomb:2   | Noticed a royal mummy
126059 | Tomb:2   | Noticed a royal mummy
126061 | Tomb:2   | Noticed a royal mummy
126065 | Tomb:2   | Killed a royal mummy
126065 | Tomb:2   | Killed a royal mummy
126066 | Tomb:2   | Killed a royal mummy
126067 | Tomb:2   | Killed a royal mummy
126071 | Tomb:2   | Killed a royal mummy
126529 | Tomb:1   | Noticed a royal mummy
126539 | Tomb:1   | Killed a royal mummy
126543 | Tomb:1   | Noticed a royal mummy
126544 | Tomb:1   | Noticed a royal mummy
126551 | Tomb:1   | Killed a royal mummy
126553 | Tomb:1   | Killed a royal mummy
126788 | Tomb:1   | Noticed a royal mummy
126810 | Tomb:1   | Killed a royal mummy
126811 | Tomb:1   | Reached skill level 15 in Spellcasting
126986 | Tomb:1   | Noticed a royal mummy
127215 | Tomb:1   | Noticed a royal mummy
127218 | Tomb:1   | Noticed a royal mummy
127226 | Tomb:1   | Killed a royal mummy
127234 | Tomb:1   | Killed a royal mummy
127826 | Tomb:1   | Noticed a royal mummy
127846 | Tomb:1   | Killed a royal mummy
127848 | Tomb:1   | Noticed a royal mummy
127866 | Tomb:1   | Killed a royal mummy
128152 | Tomb:1   | Noticed a royal mummy
128181 | Tomb:1   | Killed a royal mummy
128333 | Tomb:1   | Noticed a royal mummy
128362 | Tomb:1   | Killed a royal mummy
128441 | Tomb:1   | Noticed a royal mummy
128456 | Tomb:1   | Killed a royal mummy
129097 | Depths:4 | Voluntarily entered the Abyss.
129109 | Abyss:1  | Reached skill level 10 in Translocations
129130 | Abyss:1  | Found a corrupted altar of Lugonu.
130132 | Abyss:3  | Gained mutation: You are clumsy. (Dex -2) [a neqoxec]
130307 | Abyss:3  | Found a blossoming altar of Fedhas.
130388 | Abyss:5  | Entered Level 5 of the Abyss
130388 | Abyss:5  | Found a corrupted altar of Lugonu.
130671 | Abyss:5  | Found a corrupted altar of Lugonu.
130782 | Abyss:5  | Found a corrupted altar of Lugonu.
131145 | Depths:4 | Escaped the Abyss
131147 | Depths:4 | Voluntarily entered the Abyss.
131352 | Depths:4 | Escaped the Abyss
132343 | Tomb:3   | Entered Level 3 of the Tomb of the Ancients
132364 | Tomb:3   | Noticed a royal mummy
132371 | Tomb:3   | Reached skill level 15 in Translocations
132371 | Tomb:3   | Noticed a royal mummy
132377 | Tomb:3   | Noticed a royal mummy
132382 | Tomb:3   | Killed a royal mummy
132390 | Tomb:3   | Killed a royal mummy
132390 | Tomb:3   | Killed a royal mummy
132398 | Tomb:3   | HP: 20/409 [jiangshi[a mummy priest] (9)]
132398 | Tomb:3   | HP: 6/409 [mummy priest/divine providence (14)]
132398 | Tomb:3   | Killed from afar by a mummy priest

Illustrated notes

Levels and vault maps discovered:
D:1:      dpeg_arrival_more_subterranean_lakeside_camping, layout_basic
D:2:      layout_loops_cross, moated_statue, minmay_pentomino_u4, uniq_sigmund
D:3:      layout_loops_ring, general_overflow_altar
D:4:      layout_loops_ring, chequers_temple_overflow_minitemple
D:5:      layout_loops_ring, serial_shops, shop, minmay_liquid_box,
          grunt_dithmenos_shadows, uniq_ijyb
D:6:      layout_cave_pools, grunt_qazlal_sundering
D:7:      layout_loops_corners, minmay_temple_entry_statues_pillars,
          fedhas_bush_and_centaur_altar, uniq_harold, uniq_maggie
D:8:      layout_basic, nicolae_ru_great_annihilating_truth, serial_shops, shop,
          makhleb_heckhound_becter, uniq_gastronok
D:9:      layout_long_grid, old_standard_altar, kennysheep_mini_moat,
          serial_shops, nicolae_shop_overgrown_old_shop
D:10:     lemuel_ice_spiral_2, layout_irregular_city, david_lair_generic,
          serial_column_ruins, column_ruins_hut_ruined,
          column_ruins_columns_straight, column_ruins_corridor_straight,
          column_ruins_open_small, column_ruins_open_small,
          column_ruins_open_small, column_ruins_grid_3
D:11:     gammafunk_indiana_jones, layout_loops_ring, corexii_hall_statues_s,
          uniq_fannar, uniq_erica
D:12:     layout_irregular_city, zombieorc2_lemuel, muffindrake_ghost_dual_entry
D:13:     kennysheep_kobold_lugonu_temple, layout_grid_maze,
          gauntlet_entry_generic, nicolae_straight_to_the_point
D:14:     layout_irregular_city, skrybe_vaults_entry_preservation, hex_medium,
          nicolae_trove_entry_diagonal
D:15:     gammafunk_enter_depths_forms, layout_loops_ring, serial_shops,
          nicolae_shop_waterfront, nrook_guardian_serpent_double
Temple:   nicolae_temple_figure_eight
Lair:1:   layout_loops_ring, basic_altar
Lair:2:   layout_regular_city, minmay_snake_entry_guardpost_medium,
          gammafunk_ghost_abyssal_escape, lemuel_fruit_tree
Lair:3:   layout_regular_city, palyth_hydra_swamp_entry,
          nicolae_volcano_entry_hallway, kennysheep_catoblepas_arena, uniq_sonja
Lair:4:   layout_regular_city
Lair:5:   layout_gridlike, minmay_slime_entry_pillars
Lair:6:   minmay_lair_end_enchanted_forest, layout_cave_pods, uniq_kirke
Swamp:1:  layout_basic_swamp, nicolae_swamp_round_clearing
Swamp:2:  layout_basic_swamp, hangedman_swamp_ruin_wall
Swamp:3:  layout_basic_swamp, basic_altar
Swamp:4:  swamp_fiery, layout_basic_swamp, uniq_mara
Snake:1:  layout_onion_interference, grunt_ministairs_2, grunt_megastairs_4
Snake:2:  layout_onion, grunt_ministairs_13, uniq_aizul
Snake:3:  layout_layer_cave, serial_shops, nicolae_shop_crystal,
          ebering_ghost_reflecting_pool
Snake:4:  grunt_snake_rune_spirals, layout_onion, serial_bayou_shore_a
Slime:1:  layout_caves
Slime:2:  layout_caves
Slime:3:  layout_caves
Slime:4:  layout_caves, nicolae_slime_round_cave
Slime:5
Orc:1:    nicolae_orc_accident_1, layout_caves, nicolae_orc_lava_room
Orc:2:    st_orc_open, layout_diamond_mine, serial_shops, shop, basic_altar,
          nicolae_orc_lost_temple
Elf:1:    minmay_elf_arrival_plus, layout_gridlike,
          hangedman_elven_crosses_minicolossus
Elf:2:    layout_loops_corners, serial_shops, shop_statue,
          hangedman_elf_power_crystal
Elf:3:    minmay_elf_hall_x, layout_onion_city, serial_shops, shop,
          corexii_hall_statues_u, grunt_megastairs_1
Vaults:1: st_quartered_hall, v_rooms_2, nicolae_vaults_network_quinsquares
          [nicolae_vaults_network_quincunx_subvault,
          nicolae_vaults_network_quincunx_subvault,
          nicolae_vaults_network_quincunx_subvault,
          nicolae_vaults_network_quincunx_subvault], v_alt_pattern_5,
          nicolae_vaults_three_branches, nicolae_vaults_little_squares_3,
          v_misc_33, nicolae_vaults_puzzle_piece, ontoclasm_vaults_tryst,
          vaults_dpeg_ring, ontoclasm_vaults_hangar,
          hangedman_vaults_corner_blocks, ontoclasm_vaults_gateway,
          layout_vaults_omnibox, serial_shops, nicolae_shop_trees
Vaults:2: v_alt_pattern_2, dpeg_vaults_pockets_of_resistance, vaults_mumra_hex,
          v_misc_11, ontoclasm_vaults_hangar, hangedman_vaults_stitches,
          grunt_vaults_diagonal, nicolae_vaults_angled_halls,
          ontoclasm_vaults_ring_square, nicolae_vaults_little_squares_4,
          v_misc_29, vaults_room_corners, nicolae_vaults_diagonal_hallway_9,
          layout_vaults_maze_bifur, uniq_xtahua, uniq_margery
Vaults:3: minmay_crypt_entry_skeletal_spiral, nicolae_vaults_network_quincunx
          [nicolae_vaults_network_quincunx_subvault,
          nicolae_vaults_network_quincunx_subvault,
          nicolae_vaults_network_quincunx_subvault,
          nicolae_vaults_network_quincunx_subvault,
          nicolae_vaults_network_quincunx_subvault],
          ontoclasm_vaults_ring_small, st_star, hangedman_vaults_pinch,
          vaults_room_corners, nicolae_vaults_windows_and_doors_thing,
          layout_vaults_chaotic_city
Vaults:4: v_misc_1, hangedman_vaults_capsules, nicolae_vaults_ninety_degrees,
          vaults_mumra_hexcomb, nicolae_vaults_holding_cells,
          nicolae_vaults_specimen_jars, ontoclasm_vaults_claustrophobia,
          grunt_vaults_funnel, nicolae_vaults_alarming,
          nicolae_vaults_hallways_thing, vaults_room_pools,
          nicolae_vaults_little_squares_1, vaults_room_pools,
          ontoclasm_vaults_twist, vaults_mumra_chevron_long,
          ontoclasm_vaults_loading_screen, layout_vaults_omnicross
Vaults:5: serial_shops, uniq_sojobo
Crypt:1:  layout_catacombs
Crypt:2:  layout_misc_corridors
Crypt:3:  grunt_crypt_end_deaths_head
Tomb:1
Tomb:2
Tomb:3
Depths:1: minmay_connected_triangles_in_corner, layout_gridville, hell_entry,
          minmay_acid_items, grunt_megastairs_2, minmay_shoptagon, uniq_nikola
Depths:2: minmay_the_grid_octo_tiled_squarecenter_mashed
          [minmay_the_grid_octo_odd_swirl, minmay_the_grid_octo_tetromino_candy,
          minmay_the_grid_octo_empty, minmay_the_grid_octo_focus,
          minmay_the_grid_square_5x5_megaprize_checkered,
          minmay_the_grid_square_5x5_three, minmay_the_grid_square_5x5_empty,
          minmay_the_grid_square_5x5_pentomino_r, minmay_the_grid_square_5x5_v],
          layout_cave_shapes, kennysheep_pointless_box,
          serial_hangedman_research, hangedman_research_pyrotechnics,
          hangedman_research_toxicology, hangedman_research_metamorphosis,
          hangedman_research_quantum, hangedman_research_thanatology,
          pf_hell_entry_tar_spiral, uniq_enchantress
Depths:3: evilmike_silver_temple, layout_gridlike, grunt_pan_entry_zigzag,
          hell_entry, hangedman_decor_opposing, laboratory
Depths:4: minmay_guarded_unrand_guard, layout_basic, enter_ziggurat_c,
          hellmouth_1, serial_bayou_ford_a,
          nicolae_abyss_entry_one_way_or_another
Depths:5: evilmike_zot_entry_basic, layout_cave_pools, hangedman_coc_ice_floe,
          hangedman_decor_lopped
Hell
Dis:1:    layout_subdivisions
Dis:2:    layout_subdivisions
Dis:3:    layout_subdivisions
Dis:4:    layout_overlapping_boxes, hangedman_dis_decor_blocks_mantle
Dis:5:    layout_regular_city
Dis:6:    layout_regular_city, nicolae_dis_strange_trophy_room
Dis:7:    dis_st
Geh:1:    layout_gehenna_pools_triple, door_vault
Geh:2:    layout_gehenna_lava_caves
Geh:3:    layout_gehenna_lava_caves, lemuel_elevator
Geh:4:    layout_gehenna_pools_box, lemuel_old_faithful
Geh:5:    layout_gehenna_pools_box, hangedman_elemental_corridor
Geh:6:    layout_gehenna_lava_caves
Geh:7:    geh_grunt_pentagon
Coc:1:    layout_ice_bergs
Coc:2:    layout_cocytus_water_paths
Coc:3:    layout_cocytus_water_paths
Coc:4:    layout_ice_bergs
Coc:5:    layout_ice_bergs
Coc:6:    layout_cocytus_water_paths
Coc:7:    coc_grunt
Tar:1:    layout_grid_maze
Tar:2:    layout_grid_maze
Tar:3:    layout_grid_maze
Tar:4:    layout_grid_maze
Tar:5:    layout_catacombs, lemuel_elevator
Tar:6:    hangedman_tartarus_silent_blood_keep, layout_catacombs
Tar:7:    tar_mu [tar_mu_maze]

Skill      XL: |  1  2  3  4  5  6  7  8  9 10 11 12 13 14 15 16 17 18 19 20 21 22 23 24 25 26 27 |
---------------+----------------------------------------------------------------------------------+-----
Axes           | 3 6 8 9 12 15 16 19 20 27 | 27.0
Shields        | 4 5 6 8 10 12 14 16 18 20 21 27 | 27.0
Fighting       | 6 9 10 15 16 17 27 | 27.0
Invocations    | 5 11 13 15 18 23 27 | 27.0
Dodging        | 4 7 10 12 14 16 17 27 | 27.0
Armour         | 6 8 12 15 16 19 20 27 | 27.0
Evocations     | 5 9 10 | 10.0
Stealth        | 3 4 13 | 13.5
Spellcasting   | 15 | 15.0
Translocations | 16 | 16.3
Air Magic      | 12 | 12.1
Hexes          | 17 | 17.8
Earth Magic    | 8 |  8.3
Transmutations | 6 |  6.3

Action                   |  1- 3 |  4- 6 |  7- 9 | 10-12 | 13-15 | 16-18 | 19-21 | 22-24 | 25-27 || total
-------------------------+-------+-------+-------+-------+-------+-------+-------+-------+-------++-------
Melee: War axe           |    32 |   164 |       |   157 |    23 |       |       |       |       ||   376
       Hand axe          |       |    23 |   291 |   707 |       |       |       |       |       ||  1021
       Broad axe         |       |       |       |       |   937 |   783 |  1406 |  1686 | 10710 || 15522
       Bite              |       |       |       |       |       |       |       |       |   160 ||   160
Throw: Dart              |     3 |       |    37 |    55 |     5 |       |       |     4 |     2 ||   106
 Cast: Apportation       |       |       |       |       |       |       |       |       |    35 ||    35
       Passwall          |       |       |       |       |       |       |       |       |     7 ||     7
       Blink             |       |       |       |       |       |       |       |       |     2 ||     2
       Lesser Beckoning  |       |       |       |       |       |       |       |       |     2 ||     2
       Confusing Touch   |       |       |       |       |       |       |       |       |     1 ||     1
Invok: Donate Gold       |       |       |     1 |       |       |       |       |       |       ||     1
       Recite            |       |       |       |    22 |    43 |    43 |    70 |    99 |   247 ||   524
       Sanctuary         |       |       |       |       |     2 |     2 |       |     1 |     5 ||    10
       Vitalisation      |       |       |       |       |     3 |     1 |       |     2 |    19 ||    25
       Imprison          |       |       |       |       |       |     1 |       |     1 |     4 ||     6
       Cleansing Flame   |       |       |       |       |       |       |       |       |    99 ||    99
       Divine Shield     |       |       |       |       |       |       |       |       |    12 ||    12
       Summon Divine War |       |       |       |       |       |       |       |       |     5 ||     5
       Brand Weapon With |       |       |       |       |       |       |       |       |     1 ||     1
 Abil: Evoke Blink       |       |       |       |       |     2 |     2 |       |     1 |    19 ||    24
Evoke: Wand              |       |       |     3 |     8 |     3 |    16 |     3 |     1 |    25 ||    59
       Phantom mirror    |       |       |       |       |       |     1 |       |       |     1 ||     2
       Lightning rod     |       |       |       |       |       |       |       |       |     8 ||     8
  Use: Scroll            |       |     1 |     4 |    17 |    15 |     5 |     6 |     2 |    69 ||   119
       Potion            |       |       |    12 |     4 |     4 |     9 |       |     3 |    31 ||    63
 Stab: Invisible         |       |       |       |     5 |     4 |       |       |       |       ||     9
       Confused          |       |       |       |     6 |    31 |    33 |    61 |    69 |   167 ||   367
       Paralysed         |       |       |       |       |    22 |    14 |     8 |    13 |    45 ||   102
       Distracted        |       |       |       |       |       |     1 |       |       |    17 ||    18
       Sleeping          |       |       |       |       |       |       |     1 |     1 |    11 ||    13
Armor: Scale mail        |    11 |    79 |    70 |     2 |   251 |   181 |   260 |   189 |       ||  1043
       Chain mail        |       |       |       |   222 |    90 |       |       |       |       ||   312
       Acid dragon scale |       |       |       |       |       |       |       |    63 |   551 ||   614
       Quicksilver drago |       |       |       |       |       |       |       |       |   168 ||   168
       Ice dragon scales |       |       |       |       |       |       |       |       |   713 ||   713
       Skin              |       |       |       |       |       |       |       |       |   153 ||   153
Dodge: Dodged            |     4 |    62 |    47 |   127 |   324 |   176 |   278 |   375 |  4176 ||  5569
Block: Kite shield       |    20 |    67 |   108 |   329 |   520 |     7 |       |       |       ||  1051
       Tower shield      |       |       |       |       |       |   667 |  1057 |  1301 | 11106 || 14131

Table legend: (Time is in decaauts)
 A = Elapsed time spent in this place.
 B = Non-inter-level travel time spent in this place.
 C = Inter-level travel time spent in this place.
 D = Time resting spent in this place.
 E = Time spent auto-exploring this place.
 F = Levels seen in this place.
 G = Mean time per level.
                   A        B        C        D        E       F      G
               +--------+--------+--------+--------+--------+-----+--------+
         Total | 126430 | 113985 |  12445 |  25860 |  50138 | 131 |  965.1 |
       Dungeon |  20127 |  16143 |   3984 |   2812 |   9359 |  15 | 1341.8 |
        Temple |    372 |    199 |    173 |      0 |    181 |   1 |  372.0 |
          Lair |  10046 |   8567 |   1479 |   1665 |   5155 |   6 | 1674.3 |
         Swamp |   3945 |   3699 |    246 |    823 |   1928 |   4 |  986.2 |
     Snake Pit |   8498 |   8248 |    250 |   2817 |   3642 |   4 | 2124.5 |
    Slime Pits |   1448 |   1359 |     89 |    375 |    227 |   5 |  289.6 |
  Orcish Mines |   2623 |   2356 |    267 |    478 |   1345 |   2 | 1311.5 |
   Elven Halls |   5535 |   5190 |    345 |   1306 |   2182 |   3 | 1845.0 |
        Vaults |  11349 |   9971 |   1378 |   1508 |   5296 |   5 | 2269.8 |
         Crypt |   4877 |   3772 |   1105 |    513 |   2157 |   3 | 1625.7 |
          Tomb |   6018 |   5613 |    405 |   3378 |    694 |   3 | 2006.0 |
        Depths |   9198 |   7596 |   1602 |   1188 |   3573 |   5 | 1839.6 |
          Hell |    875 |    693 |    182 |    109 |    306 |   1 |  875.0 |
           Dis |   3748 |   3465 |    283 |    485 |   1102 |   7 |  535.4 |
       Gehenna |   3491 |   3336 |    155 |    562 |    745 |   7 |  498.7 |
       Cocytus |   3968 |   3799 |    169 |    381 |   1302 |   7 |  566.9 |
      Tartarus |   4319 |   3994 |    325 |    414 |   1888 |   7 |  617.0 |
         Abyss |   3391 |   3391 |      0 |    347 |   1009 |  13 |  260.8 |
   Pandemonium |  20241 |  20241 |      0 |   5996 |   7296 |  21 |  963.9 |
      Ziggurat |    784 |    784 |      0 |    408 |     14 |   9 |   87.1 |
         Trove |     73 |     73 |      0 |      0 |      0 |   1 |   73.0 |
       Volcano |    765 |    765 |      0 |    177 |    303 |   1 |  765.0 |
      Gauntlet |    729 |    729 |      0 |    114 |    429 |   1 |  729.0 |
               +--------+--------+--------+--------+--------+-----+--------+

Top non-repeatable levels by time:
  Tomb:1: 5250 daAuts
 Snake:4: 4211 daAuts
Vaults:1: 2994 daAuts
   Tar:7: 2979 daAuts
Depths:1: 2907 daAuts
Vaults:2: 2726 daAuts
   Elf:3: 2662 daAuts
   Dis:7: 2596 daAuts
    D:11: 2496 daAuts
 Crypt:3: 2238 daAuts
Vaults:3: 2168 daAuts
 Snake:3: 2107 daAuts
    D:15: 1968 daAuts
  Lair:2: 1913 daAuts
Depths:2: 1894 daAuts
